 Dungeon Sprint DCSS version 0.30.1-11-g7821555f0a (webtiles) character file.

Game seed: 7835364925558210179

829 GreatBamboolord the Geomancer (level 7, -1/44 HPs)
             Began as a Gargoyle Earth Elementalist on Jan 13, 2024.
             Was a Believer of Vehumet.
             Slain by a draconian
             ... wielding a +1 heavy flail
              (23 damage)
             ... in the Dungeon (Sprint V: "Ziggurat Sprint").
             The game lasted 00:07:12 (322 turns).

GreatBamboolord the Geomancer (GrEE)                 Turns: 322, Time: 00:07:13

Health: -1/44      AC:  9    Str: 11    XL:     7   Next: 97%
Magic:  7/17       EV:  6    Int: 30    God:    Vehumet [**....]
Gold:   0          SH: 26    Dex: 10    Spells: 16/20 levels left

rFire   + . .        b - +8 lance "Wyrmbane" {slay drac, rPois rF+ rC+ AC+3}
rCold   + . .        A - +18 shield of the Gong {Loud rN+ Will+ rCorr EV-5}
rNeg    + + .        K - +0 robe
rPois   ∞            (no helmet)
rElec   +            (no cloak)
rCorr   +            (no gloves)
SInv    .            (no boots)
Will    +....        (no amulet)
Stlth   +++          w - +6 ring of intelligence
HPRegen 0.27/turn    v - +6 ring of intelligence
MPRegen 0.15/turn

%: no teleportation
@: mighty
A: sickness immunity, AC +4, negative energy resistance 1, electricity
resistance, torment resistance 1, petrification resistance
a: Renounce Religion


You were in the Dungeon.
You worshipped Vehumet.
Vehumet was pleased with you.
You visited 1 branch

Inventory:

Hand Weapons
 a - the +6 Majin-Bo {spellvamp, MP+6 Int+6}
   (You found it in the Dungeon)

   Int:       It affects your intelligence (+6).
   MP:        It affects your magic capacity (+6).
 b - the +8 lance "Wyrmbane" (weapon) {slay drac, rPois rF+ rC+ AC+3}
   (You found it in the Dungeon)

   AC:        It affects your AC (+3).
   rF:        It protects you from fire.
   rC:        It protects you from cold.
   rPois:     It protects you from poison.
 B - a +5 triple crossbow of flaming
 L - the +7 great mace "Firestarter" {flame, immolate, rFlCloud rF++}
   (You found it in the Dungeon)

   rFlCloud:  It grants immunity to clouds of flame.
   rF:        It greatly protects you from fire.
Armour
 A - the +18 shield of the Gong (worn) {Loud rN+ Will+ rCorr EV-5}
   (You found it in the Dungeon)

   Loud:      It is deafeningly noisy when blocking attacks.
   EV:        It affects your evasion (-5).
   rN:        It protects you from negative energy.
   rCorr:     It protects you from acid and corrosion.
   Will:      It increases your willpower.
 C - a +3 buckler
 D - a +3 kite shield
 E - an orb of guile
 F - an orb of mayhem
 G - a +3 tower shield
 H - +5 fire dragon scales
 I - +5 shadow dragon scales
 J - +5 storm dragon scales
 K - a +0 robe (worn)
Jewellery
 s - a ring of flight
 t - a +6 ring of dexterity
 u - a +6 ring of dexterity
 v - a +6 ring of intelligence (right hand)
 w - a +6 ring of intelligence (left hand)
 x - a +6 ring of strength
 y - a +6 ring of strength
Wands
 q - a wand of mindburst (7)
 r - a wand of light (7)
 z - a wand of roots (4)
Scrolls
 g - 3 scrolls of blinking
 m - 4 scrolls of amnesia
 n - 7 scrolls of fog
 o - 5 scrolls of identify
 p - 2 scrolls of fear
Potions
 c - 10 potions of curing
 d - 8 potions of heal wounds
 e - 6 potions of haste
 f - 3 potions of berserk rage
 h - 2 potions of brilliance
 i - 2 potions of invisibility
 j - 4 potions of resistance
 l - 4 potions of might
 M - 8 potions of magic
Miscellaneous
 k - a phial of floods


   Skills:
 + Level 4.9 Fighting
 * Level 5.4 Dodging
 + Level 5.5 Stealth
 + Level 4.4 Shields
 * Level 7.4 Spellcasting
 * Level 8.2 Conjurations
 - Level 0.7 Transmutations
 * Level 11.0 Earth Magic


You had 16 spell levels left.
You knew the following spells:

 Your Spells              Type           Power      Damage    Failure   Level
a - Sandblast             Erth           100%       2d20      1%          1
b - Stone Arrow           Conj/Erth      100%       3d13      1%          3

Your spell library contained the following spells:

 Spells                   Type           Power      Damage    Failure   Level
 Magic Dart               Conj           100%       1d8       1%          1
 Passwall                 Tmut/Erth      38%        N/A       2%          2
 Petrify                  Tmut/Erth      46%        N/A       16%         4
 Portal Projectile        Hex/Tloc       22%        N/A       45%         3
 Vhi's Electric Charge    Tloc/Air       22%        N/A       45%         3
 Disjunction              Tloc           5%         N/A       100%        8


Dungeon Overview and Level Annotations

Branches:
Dungeon (1/1)

Altars:
Ashenzari
Cheibriados
Dithmenos
Elyvilon
Fedhas
Gozag
Hepliaklqana
Kikubaaqudgha
Makhleb
Nemelex Xobeh
Okawaru
Qazlal
Ru
Sif Muna
Trog
Uskayaw
Vehumet
Wu Jian
Xom
Yredelemnul
Zin
The Shining One
Jiyva
Lugonu

Annotations:
D 1 transporter


Innate Abilities, Weirdness & Mutations

You are immune to sickness and miasma.
Your stone body is resilient. (AC +4)
You are immune to poison.
You resist negative energy. (rN+)
You are resistant to electric shocks. (rElec)
You are resistant to unholy torment.
You are immune to petrification.


Message History

You barely miss the draconian.
The draconian is almost dead.
You block the draconian's attack.
PANG!
You block the draconian's attack.
PTOANNNG!
You block the draconian's attack.
GONNNNG!
The draconian hits you with a +0 club.
You puncture the draconian!
You kill the draconian!
Vehumet accepts your kill.
You feel your power returning. You block the draconian's attack.
GONNNNG!
Your Dodging skill increases to level 5!
Your Stealth skill increases to level 5!
Your Shields skill increases to level 4!
Your Spellcasting skill increases to level 7!
Your Conjurations skill increases to level 8!
Your Earth Magic skill increases to level 11!
Unknown command.
Reach: b) +8 lance "Wyrmbane" {slay drac, rPois rF+ rC+ AC+3}
Press: ? - help, Dir - move target, f - draconian
Aim: a draconian, wielding a +1 heavy flail (about 34% to evade the +8 lance "Wyrmbane")
Okay, then.
You feel very mighty all of a sudden. You block the draconian's attack.
GONNNNG!
You block the draconian's attack.
PTOANNNG!
Unknown command.
You closely miss the draconian. The draconian hits you with a +0 club.
The draconian barely misses you.
You barely miss the draconian. You block the draconian's attack.
PANG!
You closely miss the draconian. You block the draconian's attack.
PANG!
The draconian hits you with a +1 heavy flail!!
Ouch! That really hurt!
You die...

▓▓▓▓▓▓▓▓▓▓▓▓▓▓▓▓▓▓
▓@8©8.▓.8©8.▓.8©8.
▓dd)[.▓..)..▓.....
▓..)..▓.)...▓.)...
▓.....▓.....▓.....
▓.....▓..)..▓.....
▓.....▓.....▓..©..
▓.)©..▓..©..▓▓▓▓▓▓
▓▓▓▓▓▓▓▓▓▓▓▓▓


You could see 2 draconians.

Vanquished Creatures
  2 draconians (D)
  An ice beast (D)
  2 orc wizards (D)
  An orc (D)
  A ball python simulacrum (D)
7 creatures vanquished.

Notes
Turn   | Place    | Note
-------+----------+-------------------------------------------
     0 | D        | GreatBamboolord the Gargoyle Earth Elementalist began the
                  | quest for the Orb.
     0 | D        | Reached XP level 1. HP: 10/10 MP: 3/3
     6 | D        | Found a blossoming altar of Fedhas.
     6 | D        | Found the +6 Majin-Bo {spellvamp, MP+6 Int+6}
     6 | D        | Found the +27 heavy crossbow "Sniper" {heavy, Acc+∞ SInv}
     6 | D        | Found the +10 dark maul {heavy}
     6 | D        | Found the +15 Maxwell's patent armour {-Cast -Tele rElec
                  | Will+ rCorr}
     6 | D        | Found the +18 shield of the Gong {Loud rN+ Will+ rCorr
                  | EV-5}
     6 | D        | Found the +16 obsidian axe {drain, demonic, Mesm Drain Fly
                  | SInv}
     6 | D        | Found the +7 great mace "Firestarter" {flame, immolate,
                  | rFlCloud rF++}
     6 | D        | Found the +6 shillelagh "Devastator" {shatter}
     6 | D        | Found the +11 plutonium sword {Contam Stlth-}
     6 | D        | Found the +8 lance "Wyrmbane" {slay drac, rPois rF+ rC+
                  | AC+3}
     6 | D        | Found the +9 sword of Zonguldrok {reap}
     6 | D        | Found the +13 scythe of Curses {drain, curses, Drain}
     6 | D        | Found the +9 sword of Power {lifebolt}
     6 | D        | Found the +7 mace of Variability {chaos, chaos arc}
     6 | D        | Found the +11 Singing Sword {sonic wave}
     6 | D        | Found the +8 storm bow {elec, penet}
     9 | D        | Found a shimmering blue altar of Sif Muna.
     9 | D        | Found a sacrificial altar of Ru.
     9 | D        | Found a bloodstained altar of Trog.
     9 | D        | Found a stormy altar of Qazlal.
     9 | D        | Found an iron altar of Okawaru.
     9 | D        | Found a sparkling altar of Nemelex Xobeh.
    11 | D        | Found a transporter.
    11 | D        | Found an ancient bone altar of Kikubaaqudgha.
    11 | D        | Found a viscous altar of Jiyva.
    11 | D        | Found a corrupted altar of Lugonu.
    11 | D        | Found a hazy altar of Hepliaklqana.
    11 | D        | Found a burning altar of Makhleb.
    11 | D        | Found an opulent altar of Gozag.
   111 | D        | Became a worshipper of Vehumet
   113 | D        | Reached skill level 6 in Earth Magic
   113 | D        | Reached XP level 2. HP: 15/15 MP: 3/7
   205 | D        | Entered arena 2.
   205 | D        | Noticed an ice beast
   205 | D        | Found a transporter.
   208 | D        | Killed an ice beast
   209 | D        | Reached skill level 5 in Spellcasting
   209 | D        | Reached skill level 5 in Conjurations
   209 | D        | Reached skill level 8 in Earth Magic
   209 | D        | Reached XP level 3. HP: 20/21 MP: 9/9
   209 | D        | Reached XP level 4. HP: 25/26 MP: 11/11
   256 | D        | Learned a level 3 spell: Stone Arrow
   257 | D        | Entered arena 3.
   257 | D        | Found a transporter.
   259 | D        | Reached * piety under Vehumet
   259 | D        | Offered knowledge of Magic Dart by Vehumet.
   260 | D        | Reached XP level 5. HP: 31/31 MP: 12/12
   262 | D        | Reached skill level 1 in Shields
   268 | D        | Got the Quarto of the Jaunt
   290 | D        | Entered arena 4.
   290 | D        | Noticed a draconian
   290 | D        | Noticed a draconian
   290 | D        | Noticed a draconian
   290 | D        | Noticed a draconian
   290 | D        | Found a transporter.
   295 | D        | Killed a draconian
   295 | D        | Reached ** piety under Vehumet
   296 | D        | Reached skill level 10 in Earth Magic
   296 | D        | Reached XP level 6. HP: 34/38 MP: 3/15
   296 | D        | Reached XP level 7. HP: 38/43 MP: 3/17
   318 | D        | Killed a draconian
   319 | D        | Reached skill level 5 in Dodging
   319 | D        | Reached skill level 5 in Stealth
   319 | D        | Reached skill level 11 in Earth Magic
   322 | D        | Slain by a draconian

Illustrated notes

Levels and vault maps discovered:
D:        sprint_v [room_start, room_1, room_2, room_3, room_4, room_5, room_6,
          room_7, room_8, room_9, room_10, room_11, room_12, room_13, room_14,
          room_15, room_16, room_17, room_18, room_19, room_20, room_21,
          room_22, room_23, room_24, room_25, room_26, room_27]

Skill      XL: |  1  2  3  4  5  6  7 |
---------------+----------------------+-----
Spellcasting   | 4 5 6 7 |  7.4
Conjurations   | 4 5 7 8 |  8.2
Earth Magic    | 6 8 10 11 | 11.0
Fighting       | 2 4 |  4.9
Dodging        | 2 4 5 |  5.4
Stealth        | 4 5 |  5.5
Shields        | 3 4 |  4.4
Transmutations | |  0.7

Action                     |  1- 3 |  4- 6 |  7- 9 || total
---------------------------+-------+-------+-------++-------
  Melee: Lance             |       |       |    19 ||    19
         Bo                |       |       |     2 ||     2
   Cast: Sandblast         |     3 |     5 |       ||     8
         Stone Arrow       |       |     5 |     1 ||     6
    Use: Potion            |     1 |       |     3 ||     4
         Scroll            |       |     1 |     1 ||     2
 Armour: Robe              |       |       |     3 ||     3
  Dodge: Dodged            |     3 |     1 |     5 ||     9
  Block: Kite shield       |       |     2 |    41 ||    43
